 Dungeon Crawl Stone Soup version 0.21.1-1-g345015fe64 (webtiles) character file.

86 Gargoyl the Skirmisher (level 4, -1/39 HPs)
             Began as a Centaur Abyssal Knight on July 6, 2018.
             Was a Follower of Lugonu.
             Succumbed to a water moccasin's poison
             ... on level 4 of the Dungeon.
             The game lasted 00:02:59 (1937 turns).

Gargoyl the Skirmisher (Centaur Abyssal Knight)     Turns: 1937, Time: 00:02:59

Health: -1/39      AC:  8    Str: 14    XL:     4   Next: 26%
Magic:  5/5        EV:  4    Int: 11    God:    Lugonu [*.....]
Gold:   35         SH:  0    Dex: 10    Spells: 3/3 levels left

rFire    . . .     SeeInvis .   a - +1 hand axe
rCold    . . .     Gourm    .   (no shield)
rNeg     . . .     Faith    .   d - +0 chain mail
rPois    .         Spirit   .   (no helmet)
rElec    .         Reflect  .   b - +0 cloak (curse)
rCorr    .         Harm     .   (no gloves)
MR       .....     Rnd*Tele +   (no barding)
Stlth    ..........             (no amulet)
HPRegen  0.13/turn              e - ring of teleportation (curse)
MPRegen  0.09/turn              (no ring)

@: lethally poisoned (-1 -> -24), very quick
A: large, hooves 3, deformed body, speed 2, tough skin 3
a: Depart the Abyss, Renounce Religion


You were on level 4 of the Dungeon.
You worshipped Lugonu.
Lugonu was aware of your devotion.
You were not hungry.

You visited 1 branch of the dungeon, and saw 3 of its levels.
You visited the Abyss 1 time.

You collected 35 gold pieces.

Inventory:

Hand Weapons
 a - a +1 hand axe (weapon)
Armour
 b - a cursed +0 cloak (worn)
 d - a +0 chain mail (worn)
Jewellery
 e - a cursed ring of teleportation (left hand)
Scrolls
 f - a scroll of immolation {unknown}
 g - a scroll of teleportation
Comestibles
 c - 5 rations


   Skills:
 + Level 3.6 Fighting
 + Level 2.9 Axes
 * Level 2.0 Armour
 + Level 0.6 Dodging
 * Level 2.5 Invocations


You had 3 spell levels left.
You didn't know any spells.

Dungeon Overview and Level Annotations

Branches:
Dungeon (2/15)

Altars:
Ashenzari
Hepliaklqana
The Shining One

Shops:
D:4 *

Annotations:
D:2 1 runed door


Innate Abilities, Weirdness & Mutations

You have hooves in place of feet.
Armour fits poorly on your strangely shaped body.
You cover ground very quickly.
You have extremely tough skin. (AC +3)


Message History

Okay, then.
You closely miss the water moccasin. Your kick misses the water moccasin.
The water moccasin is moderately wounded.
* * * LOW HITPOINT WARNING * * *
You feel sick.
The water moccasin completely misses you.
The water moccasin bites you but does no damage.
You closely miss the water moccasin. Your kick misses the water moccasin.
The water moccasin is moderately wounded.
The water moccasin bites you.
* * * LOW HITPOINT WARNING * * *
Unknown command.
You closely miss the water moccasin. Your kick misses the water moccasin.
The water moccasin is moderately wounded.
* * * LOW HITPOINT WARNING * * *
You feel sick. The water moccasin bites you.
* * * LOW HITPOINT WARNING * * *
You are more poisoned.
The water moccasin poisons you! The water moccasin barely misses you.
You die...

# #. ###.## #.....###
##.......###
#.......@!.##
#.....S.....# ##
#...........### #.##
..............###...#
..∩.................#
.....................
.....................
##...########........
..## #.........


You could see a water moccasin.

Vanquished Creatures
  A hound skeleton (D:4)
  2 gnolls (D:1)
  A worm (D:2)
  2 dart slugs
  3 leopard geckos (D:1)
  An orc (D:4)
  2 giant cockroaches
  6 hobgoblins
  5 jackals (D:1)
  4 bats (D:1)
  6 goblins
  5 kobolds
  3 rats (D:1)
41 creatures vanquished.

Notes
Turn   | Place    | Note
-------+----------+-------------------------------------------
     0 | Abyss:1  | Gargoyl the Centaur Abyssal Knight began the quest for the Orb.
     0 | Abyss:1  | Reached XP level 1. HP: 19/19 MP: 2/2
    53 | Abyss:2  | Noticed a worldbinder
    55 | D:1      | Escaped the Abyss
   103 | D:1      | Reached * piety under Lugonu
   478 | D:1      | Reached XP level 2. HP: 14/26 MP: 3/3
   890 | D:1      | Found a shattered altar of Ashenzari.
   904 | D:1      | Reached XP level 3. HP: 26/31 MP: 4/4
  1583 | D:2      | Found a runed door.
  1651 | D:2      | Found a glowing golden altar of the Shining One.
  1819 | D:2      | Reached XP level 4. HP: 30/38 MP: 5/5
  1901 | D:2      | You fall through a shaft for 2 floors!
  1901 | D:4      | Found a hazy altar of Hepliaklqana.
  1920 | D:4      | Noticed a water moccasin
  1921 | D:4      | Found Ceta's Assorted Antiques.
  1936 | D:4      | HP: 1/39 [water moccasin (1)]
  1937 | D:4      | Succumbed to a water moccasin's poison

Skill      XL: |  1  2  3  4 |
---------------+-------------+-----
Axes           | 2 |  2.9
Armour         | 2 |  2.0
Fighting       | |  3.6
Dodging        | |  0.6
Invocations    | |  2.5

Action                   |  1- 3 |  4- 6 || total
-------------------------+-------+-------++-------
Melee: Hand axe          |   110 |    23 ||   133
       Kick              |    15 |     2 ||    17
Invok: Depart the Abyss  |     1 |       ||     1
  Use: Scroll            |     3 |       ||     3
       Potion            |       |     1 ||     1
  Eat: Ration            |     1 |       ||     1
Armor: Chain mail        |    84 |    19 ||   103
Dodge: Dodged            |    38 |     7 ||    45
